 Dungeon Crawl Stone Soup version 0.20-a0-1126-g0f15420 (webtiles) character file.

121 JiminyMac the Chopper (level 4, 0/41 HPs)
             Began as a Minotaur Berserker on May 17, 2017.
             Was a Believer of Trog.
             Succumbed to Sigmund's poison
             ... on level 3 of the Dungeon.
             The game lasted 00:03:34 (1483 turns).

JiminyMac the Chopper (Minotaur Berserker)          Turns: 1483, Time: 00:03:34

Health: 0/41       AC: 13    Str: 23    XL:     4   Next: 77%
Magic:  3/3        EV:  7    Int:  4    God:    Trog [**....]
Gold:   65         SH:  0    Dex:  9    Spells: 3/3 levels left

rFire    . . .     SeeInvis .   a - +0 hand axe
rCold    . . .     Gourm    .   (no shield)
rNeg     . . .     Faith    .   p - +0 plate armour
rPois    .         Spirit   .   (helmet restricted)
rElec    .         Reflect  .   d - +1 cloak
rCorr    .         Harm     .   (no gloves)
MR       .....                  (no boots)
Stlth    ..........             (no amulet)
Regen    0.2/turn               (no ring)
MPRegen  0.1/turn               (no ring)

@: confused, lethally poisoned (0 -> -32)
A: retaliatory headbutt, horns 2
a: Berserk, Trog's Hand, Burn Spellbooks, Renounce Religion


You were on level 3 of the Dungeon.
You worshipped Trog.
Trog was pleased with you.
You were hungry.

You visited 1 branch of the dungeon, and saw 4 of its levels.

You collected 65 gold pieces.

Inventory:

Hand Weapons
 a - a +0 hand axe (weapon)
Armour
 d - a +1 cloak (worn)
 p - a +0 plate armour (worn)
Jewellery
 g - an uncursed ring of stealth {unknown}
Scrolls
 i - 4 scrolls of identify {unknown}
 n - 2 scrolls of teleportation {unknown}
Potions
 e - a potion of heal wounds {unknown}
 h - a potion of might {unknown}
 j - a potion of brilliance {unknown}
 k - a potion of invisibility {unknown}
 l - a potion of lignification {unknown}
 m - a potion of curing {unknown}
 q - a potion of ambrosia {unknown}
Comestibles
 b - a fruit
 c - 2 bread rations
 f - a royal jelly
 o - a meat ration


   Skills:
 + Level 4.7 Fighting
 * Level 5.3 Axes
 + Level 3.4 Armour
 - Level 2.1 Dodging


You had 3 spell levels left.
You didn't know any spells.

Dungeon Overview and Level Annotations

Branches:
Dungeon (4/15)
 Temple: D:4-7

Altars:
Dithmenos
Ru

Shops:
D:4 :

Annotations:
D:3 Sigmund


Innate Abilities, Weirdness & Mutations

You reflexively headbutt those who attack you in melee.
You have a pair of horns on your head.


Message History

You feel less confused.
You feel sick.
You hear some strange, mumbled words.
You are confused.
You bump into the rock wall.
You feel sick. Something hits you!
* * * LOW HITPOINT WARNING * * *
You are more poisoned.
You bump into the rock wall.
* * * LOW HITPOINT WARNING * * *
You feel sick. Something completely misses you.
You bump into the rock wall.
* * * LOW HITPOINT WARNING * * *
You feel very sick.
You bump into the rock wall.
* * * LOW HITPOINT WARNING * * *
You feel sick. Something hits you.
* * * LOW HITPOINT WARNING * * *
You are more poisoned.
You barely miss something.
You die...

#..
..##
#..
...
#..
..#
#..
..#
..#..


gl. # #{# ###.###@# #....>..# #.#.##### # You could see a goblin and a frilled
lizard.

Vanquished Creatures
  A scorpion (D:4)
  Natasha (D:2)
  2 adders
  An adder skeleton (D:4)
  A ball python (D:2)
  7 bats
  2 giant cockroaches (D:1)
  3 goblins (D:1)
  2 hobgoblins
  2 kobolds (D:1)
  A ball python skeleton (D:4)
  A frilled lizard (D:1)
  A leopard gecko skeleton (D:4)
  4 rats
29 creatures vanquished.

Notes
Turn   | Place    | Note
-------+----------+-------------------------------------------
     0 | D:1      | JiminyMac the Minotaur Berserker began the quest for the Orb.
     0 | D:1      | Reached XP level 1. HP: 19/19 MP: 0/0
   193 | D:1      | Reached skill level 4 in Axes
   216 | D:1      | Reached XP level 2. HP: 27/27 MP: 1/1
   930 | D:2      | Found a sacrificial altar of Ru.
   964 | D:2      | Noticed Natasha
   970 | D:2      | Killed Natasha
   970 | D:2      | Reached XP level 3. HP: 19/33 MP: 2/2
  1189 | D:2      | You fall through a shaft for 2 floors!
  1241 | D:4      | Noticed a scorpion
  1254 | D:4      | Killed a scorpion
  1254 | D:4      | Reached skill level 5 in Axes
  1254 | D:4      | Reached XP level 4. HP: 30/41 MP: 3/3
  1299 | D:4      | Reached ** piety under Trog
  1331 | D:4      | Found Goid's Book Shoppe.
  1423 | D:3      | Found a shadowy altar of Dithmenos.
  1464 | D:3      | Noticed Sigmund
  1482 | D:3      | HP: 2/41 [something (4)]
  1483 | D:3      | Succumbed to Sigmund's poison

Vault maps used:
D:1:      dpeg_arrival_central, hangedman_abyss_or_decor_lesser_grid
D:2:      nicolae_ru_awakened_eye, amethyst_overflow_temple_binary, uniq_natasha
D:3:      led_sif_pool, nicolae_overflow_hidden_temple, gup_sewer_entry_pipe,
          nemelex_diamond_rough_becter, uniq_sigmund
D:4:      serial_shops, nicolae_shop_waterfront

Skill      XL: |  1  2  3 |
---------------+----------+-----
Axes           | 4 5 |  5.3
Fighting       | 4 |  4.7
Armour         | 3 |  3.4
Dodging        | |  2.1

Action                   |  1- 3 |  4- 6 || total
-------------------------+-------+-------++-------
Melee: Hand axe          |    63 |    14 ||    77
       Headbutt          |     7 |     2 ||     9
  Eat: Chunk             |     1 |       ||     1
Armor: Animal skin       |    17 |     1 ||    18
       Plate armour      |       |     4 ||     4
Dodge: Dodged            |    37 |     9 ||    46
